 Dungeon Crawl Stone Soup version 0.23.2-33-g5129a83184 (webtiles) character file.

Game seed: 15521483147019776211

63 FishyPogo the Conjurer (level 3, -5/26 HPs)
             Began as a Draconian Conjurer on July 28, 2019.
             Killed from afar by Natasha (12 damage)
             ... with a magic dart
             ... on level 2 of the Dungeon.
             The game lasted 00:10:27 (1446 turns).

FishyPogo the Conjurer (Draconian Conjurer)         Turns: 1446, Time: 00:10:28

Health: -5/26      AC:  2    Str: 10    XL:     3   Next: 87%
Magic:  0/7        EV: 20    Int: 16    God:
Gold:   57         SH:  0    Dex: 16    Spells: 0/7 levels left

rFire    . . .     SeeInvis .   (weapon currently unavailable)
rCold    . . .     Gourm    .   (shield currently unavailable)
rNeg     . . .     Faith    .   (armour unavailable)
rPois    x         Spirit   .   (helmet currently unavailable)
rElec    .         Reflect  .   (cloak currently unavailable)
rCorr    .         Harm     .   (gloves currently unavailable)
MR       .....                  (boots currently unavailable)
Stlth    ++........             (no amulet)
HPRegen  0.08/turn              (no ring)
MPRegen  0.10/turn              (no ring)

@: spider-form, very slightly contaminated
A: tiny, unfitting armour, AC +5
a: End Transformation


You were on level 2 of the Dungeon.
You were not hungry.
You were a venomous arachnid creature.
You visited 1 branch of the dungeon, and saw 2 of its levels.

You collected 57 gold pieces.

Inventory:

Scrolls
 d - a scroll of immolation
 h - a scroll of teleportation {unknown}
 i - a scroll of remove curse {unknown}
Potions
 a - a potion of heal wounds {unknown}
 e - a potion of haste {unknown}
 f - a potion of agility
 g - a potion of curing
Comestibles
 b - 2 rations
 c - 2 chunks of flesh


   Skills:
 * Level 2.3 Dodging
 + Level 2.2 Stealth
 * Level 2.8 Spellcasting
 + Level 4.1 Conjurations
 * Level 0.5 Hexes
 + Level 0.5 Transmutations
 + Level 0.2 Poison Magic


You couldn't memorise any spells.
You knew the following spells:

 Your Spells              Type           Power        Failure   Level  Hunger
a - Magic Dart            Conj           ###.         12%         1    #......
b - Dazzling Spray        Conj/Hex       #.....       43%         3    ###....
c - Spider Form           Tmut/Pois      #.........   65%         3    ###....

Your spell library contained the following spells:

 Spells                   Type           Power        Failure   Level  Hunger
 Searing Ray              Conj           ###...       16%         2    ##.....
 Beastly Appendage        Tmut           #.....       34%         1    #......
 Sticks to Snakes         Tmut           #.......     45%         2    ##.....
 Iskenderun's Mystic Bla  Conj           ###.....     56%         4    #####..
 Fulminant Prism          Conj/Hex       #.........   78%         4    #####..
 Force Lance              Conj/Tloc      #.......     82%         4    #####..
 Ice Form                 Ice/Tmut       #.......     95%         4    #####..
 Blade Hands              Tmut           #.........   100%        5    ######.


Dungeon Overview and Level Annotations

Branches:
Dungeon (2/15)

Altars:

Annotations:
D:2 Natasha


Innate Abilities, Weirdness & Mutations

((Your plain brown scales are hard. (AC +5)))
You cannot fit into any form of body armour.
((You are cold-blooded and may be slowed by cold attacks.))


Message History

The white imp disappears in a puff of smoke!
Casting: Magic Dart (safe; 3% risk of failure)
Confirm with . or Enter, or press ? or * to list all spells.
Aiming: Magic Dart (safe; 3% risk of failure)
Press: ? - help, Shift-Dir - straight line, f/p - Natasha
Aim: Natasha (lightly wounded)
You miscast Magic Dart.
You are very lightly contaminated with residual magic.
Your skin glows momentarily.
Casting: Magic Dart (safe; 3% risk of failure)
Confirm with . or Enter, or press ? or * to list all spells.
You miscast Spider Form.
You feel sick. Natasha claws you.
* * * LOW HITPOINT WARNING * * *
The crimson imp laughs crazily.
Casting: Spider Form (slightly dangerous; 43% risk of failure)
Confirm with . or Enter, or press ? or * to list all spells.
You turn into a venomous arachnid creature.
Natasha casts a spell at you. The magic dart hits you!
You die...

#......######*** #.##.###
###.#h###### #..^....
*****#.#.5..รท.# ####.###
*,,,,..######5# #.... *,**###*
#5# ##### *,* #.# ### *,* #.#
##.## *,* #.##########...## *,*
#55hs...........# *,*
############...## ### *,* ##.##
##.# *,* ******######.####...
*,************,,,,..........#....
*,,,,,,,,,,,,,,***#######........
**************** #####.... ##...
##.#


You could see Natasha, a crimson imp and a white imp.

Vanquished Creatures
  An adder (D:2)
  An adder skeleton (D:2)
  3 leopard geckos
  2 giant cockroaches (D:2)
  7 goblins
  7 hobgoblins
  6 jackals
  4 kobolds
  4 bats
  A frilled lizard (D:1)
  9 rats
45 creatures vanquished.

Notes
Turn   | Place    | Note
-------+----------+-------------------------------------------
     0 | D:1      | FishyPogo the Draconian Conjurer began the quest for the
                  | Orb.
     0 | D:1      | Reached XP level 1. HP: 14/14 MP: 3/3
   300 | D:1      | Reached XP level 2. HP: 20/20 MP: 5/5
   945 | D:2      | Reached XP level 3. HP: 26/26 MP: 2/6
   962 | D:2      | Learned a level 3 spell: Dazzling Spray
   966 | D:2      | Learned a level 3 spell: Spider Form
  1419 | D:2      | Noticed Natasha
  1446 | D:2      | Killed from afar by Natasha

Skill      XL: |  1  2 |
---------------+-------+-----
Dodging        | 2 |  2.3
Stealth        | 2 |  2.2
Spellcasting   | |  2.8
Conjurations   | |  4.1
Hexes          | |  0.5
Transmutations | |  0.5
Poison Magic   | |  0.2

Action                   || total
-------------------------++-------
Melee: Unarmed           ||   138
       Tailslap          ||    11
 Cast: Magic Dart        ||    60
       Spider Form       ||     2
  Use: Potion            ||     2
       Scroll            ||     2
 Stab: Sleeping          ||     4
       Distracted        ||     1
  Eat: Chunk             ||     3
Armor: Skin              ||    36
Dodge: Dodged            ||   102
